 Dungeon Crawl Stone Soup version 0.23-a0-368-g82e9058 (webtiles) character file.

84 Cryolive the Digger (level 4, 0/24 HPs)
             Began as a Gargoyle Earth Elementalist on Oct 24, 2018.
             Killed from afar by Sigmund (6 damage)
             ... with a magic dart
             ... on level 2 of the Dungeon.
             The game lasted 00:05:17 (1653 turns).

Cryolive the Digger (Gargoyle Earth Elementalist)   Turns: 1653, Time: 00:05:18

Health: 0/24       AC:  5    Str: 12    XL:     4   Next: 46%
Magic:  0/8        EV: 12    Int: 16    God:
Gold:   93         SH:  0    Dex: 10    Spells: 5/9 levels left

rFire    . . .     SeeInvis .   a - +0 short sword
rCold    . . .     Gourm    .   (no shield)
rNeg     + . .     Faith    .   c - +0 robe
rPois    ∞         Spirit   .   (no helmet)
rElec    +         Reflect  .   (no cloak)
rCorr    .         Harm     .   (no gloves)
MR       .....                  (no boots)
Stlth    ++........             (no amulet)
HPRegen  0.08/turn              (no ring)
MPRegen  0.11/turn              (no ring)

@: no status effects
A: negative energy resistance 1, electricity resistance, unbreathing,
petrification resistance, rot immunity, AC +3
a: no special abilities


You were on level 2 of the Dungeon.
You were not hungry.

You visited 1 branch of the dungeon, and saw 2 of its levels.

You collected 93 gold pieces.

Inventory:

Hand Weapons
 a - a +0 short sword (weapon)
Missiles
 b - 83 stones (quivered)
Armour
 c - a +0 robe (worn)
Jewellery
 j - an uncursed ring of positive energy {unknown}
Scrolls
 e - a scroll of random uselessness {unknown}
 f - 2 scrolls of identify {unknown}
 h - 3 scrolls of enchant armour {unknown}
 i - 2 scrolls of noise {unknown}
Potions
 g - a potion of experience {unknown}
Comestibles
 d - 3 rations


   Skills:
 - Level 1.5 Dodging
 - Level 2.1 Stealth
 + Level 3.2 Spellcasting
 + Level 0.2 Conjurations
   Level 0.7 Transmutations
 + Level 5.0 Earth Magic


You had 5 spell levels left.
You knew the following spells:

 Your Spells              Type           Power        Failure   Level  Hunger
a - Sandblast             Erth           ###...       2%          1    None
b - Stone Arrow           Conj/Erth      ##....       19%         3    ###....

Your spell library contained the following spells:

 Spells                   Type           Power        Failure   Level  Hunger
 Passwall                 Tmut/Erth      ##......     9%          2    ##.....
 Petrify                  Tmut/Erth      ##......     50%         4    ####...
 Lee's Rapid Deconstruct  Erth           ###.......   54%         5    ######.


Dungeon Overview and Level Annotations

Branches:
Dungeon (2/15)

Altars:

Annotations:
D:2 Sigmund


Innate Abilities, Weirdness & Mutations

You are resistant to torment.
Your stone body is resilient. (AC +3)
You are immune to poison.
You resist negative energy. (rN+)
You are resistant to electric shocks. (rElec)
You can survive without breathing.
You are immune to petrification.
You are immune to rotting.


Message History

Aim: Sigmund, wieldin' a +0 scytha an' wearin' a cursed +0 robe (moderately Tha blast o' sand hits Sigmund.
Sigmund be severely wounded.
b - 84 stones Sigmund barely misses ye.
Thin's tha be 'ere: a +0 club x2
Castin': Sandblast (safe; 2% risk o' failure) Confirm wit' . or Enter, or press ? or * ta list all spells.
Aimin': Sandblast (safe; 2% risk o' failure)
Press: ? - help, Shift-Dir - straight line, f/p - Sigmund
Aim: Sigmund, wieldin' a +0 scytha an' wearin' a cursed +0 robe (severely Tha blast o' sand hits Sigmund.
Sigmund be severely wounded.
b - 83 stones Sigmund hits ye but does nay damage.
Ye see 'ere a goblin corpse.
Sigmund gestures at ye while chantin'.
Tha magic dart hits ye!
Ye die...

###### ###†####.## #
#..# #..### #####
##.## ##...#
)...######..# ###.##
###.....##.##
#..########### .
#####....#
###.#.......... .#
###.##
##.............. .#
###
####..#............
.#
###.@..#####.###.####
.# ####.†.####
#..##.# (# #.)@.###
##.##.# . ##.####
#.##.# ..## ###..#
#.##.# #...###†..##
#.##.# ###....<###
#.##.## ......###
#.##..# .###.##
#..##.#


You could see Sigmund.

Vanquished Creatures
  3 gnolls (D:2)
  2 adders (D:2)
  An ooze (D:1)
  A worm (D:2)
  3 bats (D:1)
  4 giant cockroaches
  3 goblins
  4 hobgoblins
  2 jackals (D:1)
  2 frilled lizards (D:1)
  A kobold (D:1)
  7 rats
33 creatures vanquished.

Notes
Turn   | Place    | Note
-------+----------+-------------------------------------------
     0 | D:1      | Cryolive the Gargoyle Earth Elementalist began the quest
                  | for the Orb.
     0 | D:1      | Reached XP level 1. HP: 10/10 MP: 3/3
    73 | D:1      | Reached XP level 2. HP: 5/15 MP: 3/5
   148 | D:1      | Reached skill level 4 in Earth Magic
   789 | D:1      | Reached XP level 3. HP: 19/19 MP: 6/6
  1629 | D:2      | Reached XP level 4. HP: 4/24 MP: 5/8
  1631 | D:2      | Reached skill level 5 in Earth Magic
  1637 | D:2      | Learned a level 3 spell: Stone Arrow
  1638 | D:2      | Noticed Sigmund
  1653 | D:2      | Killed from afar by Sigmund

Vault maps used:
D:1:      sevenhm_arrival_forest_fort_small_4
D:2:      uniq_sigmund, uniq_natasha

Skill      XL: |  1  2  3  4 |
---------------+-------------+-----
Earth Magic    | 4 5 |  5.0
Spellcasting   | 3 |  3.2
Dodging        | |  1.5
Stealth        | |  2.1
Conjurations   | |  0.2
Transmutations | |  0.7

Action                   |  1- 3 |  4- 6 || total
-------------------------+-------+-------++-------
Melee: Short sword       |   135 |       ||   135
 Cast: Sandblast         |     7 |     9 ||    16
 Stab: Sleeping          |     3 |       ||     3
  Eat: Ration            |     1 |       ||     1
Armor: Robe              |    40 |     2 ||    42
Dodge: Dodged            |    95 |     4 ||    99

Table legend:
 A = Non-vault XP
 B = Vault XP
 C = Vault XP percentage of total XP
 D = Non-vault monster count
 E = Vault monster count
 F = Vault count percentage of total count
                 A         B        C        D         E       F
            +---------+---------+-------+---------+---------+-------
      Total |     121 |       0 |   0.0 |      33 |       0 |   0.0
            +---------+---------+-------+---------+---------+-------
        D:1 |      37 |       0 |   0.0 |      21 |       0 |   0.0
        D:2 |      84 |       0 |   0.0 |      12 |       0 |   0.0
            +---------+---------+-------+---------+---------+-------
